 Dungeon Crawl Stone Soup version 0.16.0-12-g7215832 (webtiles) character file.

507 valak23 the Conjurer (level 6, -1/36 HPs)
             Began as a High Elf Conjurer on Mar 19, 2015.
             Was an Initiate of Yredelemnul.
             Slain by an ogre
             ... wielding a +0 giant spiked club
              (18 damage)
             ... on level 4 of the Dungeon.
             The game lasted 00:25:39 (3220 turns).

valak23 the Conjurer (High Elf Conjurer)            Turns: 3220, Time: 00:25:39

Health: -1/36      AC:  4    Str:  7    XL:     6   Next: 97%
Magic:  18/20      EV: 13    Int: 21    God:    Yredelemnul [......]
Gold:   93         SH:  0    Dex: 16    Spells: 4 memorised, 3 levels left

rFire  . . .     SeeInvis .     f - +1 dagger (speed)
rCold  + . .     Clarity  .     n - +2 robe {Archmagi}
rNeg   . . .     SustAb   .     (no shield)
rPois  .         Gourm    .     (no helmet)
rElec  .         Spirit   .     (no cloak)
rCorr  .         Warding  .     (no gloves)
rMut   .         Stasis   .     (no boots)
MR     .....                    (no amulet)
Stlth  ++........               (no ring)
                                l - ring of protection from cold

@: not resistant to hostile enchantments, unstealthy
A: no striking features
a: Renounce Religion


You were on level 4 of the Dungeon.
You worshipped Yredelemnul.
Yredelemnul was noncommittal.
You were not hungry.

You visited 1 branch of the dungeon, and saw 4 of its levels.

You collected 123 gold pieces.
You spent 30 gold pieces at shops.

Inventory:

Hand weapons
 f - a +1 dagger of speed (weapon)
Armour
 n - a +2 robe of the Archmagi (worn)
Jewellery
 l - a ring of protection from cold (left hand)
Scrolls
 b - a scroll of remove curse {unknown}
 k - a scroll of enchant weapon {unknown}
Potions
 a - a potion of haste {unknown}
 d - a potion of berserk rage {unknown}
 g - a potion of flight {unknown}
 m - a potion of ambrosia
Books
 c - a book of Conjurations

   Spells                             Type                      Level
   a - Magic Dart                     Conjuration                  1
   b - Searing Ray                    Conjuration                  2
   c - Dazzling Spray                 Conjuration/Hexes            3
   d - Fulminant Prism                Conjuration/Hexes            4
   e - Iskenderun's Mystic Blast      Conjuration                  4
   f - Iskenderun's Battlesphere      Conjuration/Charms           5
Comestibles
 i - a meat ration
 j - 2 fruits


   Skills:
 - Level 0.2 Fighting
 - Level 1.0 Short Blades
 + Level 2.8 Dodging
 - Level 3.3 Stealth
 * Level 5.0 Spellcasting
 * Level 7.2 Conjurations


You had 3 spell levels left.
You knew the following spells:

 Your Spells              Type           Power        Failure   Level  Hunger
a - Magic Dart            Conj           ####         1%          1    None
b - Searing Ray           Conj           ######       1%          2    None
c - Iskenderun's Mystic   Conj           ######..     6%          4    ####...
d - Iskenderun's Battles  Conj/Chrm      ####....     78%         5    #####..


Dungeon Overview and Level Annotations

Branches:
Dungeon (4/15)
 Temple: D:4-7

Altars:
Trog
Xom
Yredelemnul

Shops:
D:4 :=[:=

Annotations:
D:3 Sigmund; valak23's ghost, average TeCj


Message History

The ogre barely misses you.
You see here 18 sling bullets.
Casting: Magic Dart
Confirm with . or Enter, or press ? or * to list all spells.
Aiming: Magic Dart
Press: ? - help, Shift-Dir - straight line, f - ogre
Aim: an ogre, wielding a giant spiked club You feel a surge of power!
The magic dart hits the ogre.
The ogre is lightly wounded.
Casting: Magic Dart
Confirm with . or Enter, or press ? or * to list all spells.
Aiming: Magic Dart
Press: ? - help, Shift-Dir - straight line, f/p - ogre
Aim: an ogre, wielding a giant spiked club (lightly wounded)
You feel a surge of power!
The magic dart hits the ogre.
The ogre is heavily wounded.
The ogre hits you with a giant spiked club!!
Ouch! That really hurt!
You die...
Your body rises from the dead as a mindless zombie.

.# #.....#.#.# #.###. .#
#...###.#.# #..... .#
#...# #.#.# ##########.
.#########.#.#
#..........
.........[)..#
#.########.
##########.############.#
#. #.............#.# #.
#..##########.#.# ##
#.......@O..#.#.#
#.#########.#.#.#
#........<..#.#.#
######..#...#.#.###
#..........#.#...#
#.####.....#.###.# #.#
#.....#.# #.#
####.####..#..#.# #.#
##......##..#..#.# #.#


You could see an ogre.

Vanquished Creatures
  Grinder (D:4)
  An ogre (D:4)
  A scorpion (D:4)
  An iguana (D:4)
  An orc priest (D:4)
  An orc wizard (D:4)
  A worker ant (D:4)
  An adder (D:2)
  A gnoll (D:1)
  2 worms
  A giant gecko (D:2)
  6 orcs (D:4)
  A bat skeleton (D:3)
  3 goblins
  2 hobgoblins
  4 jackals (D:1)
  5 kobolds
  A quokka (D:2)
  6 bats
  A giant cockroach (D:2)
  A giant newt (D:2)
  5 rats
47 creatures vanquished.

Notes
Turn   | Place    | Note
--------------------------------------------------------------
     0 | D:1      | valak23, the High Elf Conjurer, began the quest for the Orb.
     0 | D:1      | Reached XP level 1. HP: 11/11 MP: 4/4
   294 | D:1      | Reached XP level 2. HP: 17/17 MP: 0/6
   584 | D:2      | Reached skill level 5 in Conjurations
   663 | D:2      | Reached XP level 3. HP: 21/21 MP: 5/8
   803 | D:2      | Learned a level 2 spell: Searing Ray
   864 | D:2      | Found a shimmering altar of Xom.
   868 | D:2      | Found a bloodstained altar of Trog.
  1342 | D:3      | Noticed Sigmund
  1343 | D:3      | Noticed valak23's ghost (average TeCj)
  1351 | D:3      | Noticed an ogre
  1363 | D:3      | HP: 1/21 [hound zombie (3)]
  1644 | D:4      | Reached XP level 4. HP: 20/27 MP: 6/11
  1888 | D:4      | Learned a level 4 spell: Iskenderun's Mystic Blast
  1925 | D:4      | Found Strarim's Book Boutique.
  1944 | D:4      | Reached skill level 6 in Conjurations
  2101 | D:4      | Found a basalt altar of Yredelemnul.
  2129 | D:4      | Found Gulol's Jewellery Shoppe.
  2157 | D:4      | Reached skill level 1 in Short Blades
  2157 | D:4      | Reached XP level 5. HP: 31/31 MP: 9/14
  2339 | D:4      | Found Klaut's Jewellery Shop.
  2380 | D:4      | Became a worshipper of Yredelemnul the Dark
  2522 | D:4      | Noticed Grinder
  2551 | D:4      | Killed Grinder
  2551 | D:4      | Reached skill level 7 in Conjurations
  2551 | D:4      | Reached XP level 6. HP: 11/36 MP: 1/18
  2751 | D:4      | Noticed an ogre
  2762 | D:4      | Killed an ogre
  2762 | D:4      | Reached skill level 5 in Spellcasting
  2890 | D:4      | Found Crueth's Antique Armour Shoppe.
  2902 | D:4      | Bought a glowing robe for 15 gold pieces
  2902 | D:4      | Bought a runed robe for 15 gold pieces
  3126 | D:4      | Found Iguut's Book Emporium.
  3137 | D:4      | Learned a level 5 spell: Iskenderun's Battlesphere
  3220 | D:4      | Slain by an ogre

Action                   |  1- 3 |  4- 6 || total
-------------------------+-------+-------++-------
Melee: Short sword       |    15 |    10 ||    25
       Dagger            |       |     6 ||     6
 Cast: Magic Dart        |    51 |    58 ||   109
       Searing Ray       |     1 |     4 ||     5
       Iskenderun's Myst |       |     3 ||     3
  Use: Scroll            |     3 |     3 ||     6
       Potion            |     2 |       ||     2
 Stab: Sleeping          |     1 |       ||     1
  Eat: Bread ration      |     1 |     1 ||     2
       Fruit             |     1 |       ||     1
